 Dungeon Crawl Stone Soup version 0.27-a0-1036-g8e1b44f6bd (webtiles) character file.

Game seed: 16763139271017090567

4 siradein the Skirmisher (level 1, -6/19 HPs)
             Began as a Hill Orc Fighter on Apr 18, 2021.
             Mangled by a gnoll
             ... wielding a +2 vorpal spear
              (7 damage)
             ... on level 1 of the Dungeon.
             The game lasted 00:00:16 (52 turns).

siradein the Skirmisher (Hill Orc Fighter)            Turns: 52, Time: 00:00:17

Health: -6/19      AC:  6    Str: 18    XL:     1   Next: 70%
Magic:  1/1        EV:  7    Int:  8    God:
Gold:   14         SH:  9    Dex: 10    Spells: 0/0 levels left

rFire    . . .     SeeInvis .   a - +0 long sword
rCold    . . .     Faith    .   c - +0 kite shield
rNeg     . . .     Spirit   .   b - +0 scale mail
rPois    .         Reflect  .   (no helmet)
rElec    .         Harm     .   (no cloak)
rCorr    .         Rampage  .   (no gloves)
Will     .....                  (no boots)
Stlth    ..........             (no amulet)
HPRegen  0.06/turn              (no ring)
MPRegen  0.07/turn              (no ring)

@: no status effects
A: no striking features
a: no special abilities


You were on level 1 of the Dungeon.
You visited 1 branch of the dungeon, and saw 1 of its levels.

You collected 14 gold pieces.

Inventory:

Hand Weapons
 a - a +0 long sword (weapon)
Armour
 b - a +0 scale mail (worn)
 c - a +0 kite shield (worn)
Potions
 d - a potion of might


   Skills:
 - Level 3.6 Fighting
 + Level 2.7 Long Blades
 - Level 3.2 Armour
 - Level 3.2 Shields


You couldn't memorise any spells.
You didn't know any spells.
Your spell library was empty.

Dungeon Overview and Level Annotations

Branches:
Dungeon (1/15)

Altars:


Message History

The jackal bites you but does no damage.
You hit the jackal.
The jackal is severely wounded.
An endoplasm comes into view.
The jackal bites you but does no damage.
You hit the jackal.
You kill the jackal!
The jackal bites you. You block the jackal's attack.
You hit the jackal but do no damage. The gnoll hits you but does no damage.
You block the jackal's attack. The gnoll completely misses you.
The jackal bites you but does no damage.
You barely miss the jackal. You block the jackal's attack.
You block the gnoll's attack. The jackal barely misses you.
You block the jackal's attack.
The gnoll hits you from afar with a +2 vorpal spear.
The jackal bites you.
The endoplasm jiggles.
A frilled lizard comes into view.
The frilled lizard hisses angrily.
You closely miss the jackal. The jackal completely misses you.
The jackal misses you. The gnoll closely misses you.
You hit the jackal.
The jackal is almost dead.
You block the jackal's attack. x2; You block the gnoll's attack.
The jackal bites you.
You barely miss the jackal.
The jackal is almost dead.
The gnoll closely misses you. The jackal bites you.
The gnoll barely misses you. You block the jackal's attack.
The frilled lizard bites you but does no damage.
Your scale mail prevents you from hitting the jackal.
The jackal is almost dead.
You block the jackal's attack. The frilled lizard barely misses you.
You riposte.
You hit the frilled lizard.
You kill the frilled lizard!
The gnoll hits you from afar with a +2 vorpal spear.
* * * LOW HITPOINT WARNING * * *
x2 The jackal barely misses you.
The gnoll hits you from afar with a +2 vorpal spear!
You die...

#§..§.....#
#≈.......≈#
#§§≈...≈.≈#
#≈.≈...≈.≈# ....
#≈.......≈# ?..
#.........##..
#.........#..
#.........#.#
####'@'####.#####.
...#8..h8...†......
......†..gJ.........
..##.....#..........
#######..........
#..........
#..........
#..^.......
#.........#


You could see a gnoll, an endoplasm and a jackal.

Vanquished Creatures
  A ball python (D:1)
  An endoplasm (D:1)
  A jackal (D:1)
  A frilled lizard (D:1)
4 creatures vanquished.

Notes
Turn   | Place    | Note
-------+----------+-------------------------------------------
     0 | D:1      | siradein the Hill Orc Fighter began the quest for the Orb.
     0 | D:1      | Reached XP level 1. HP: 19/19 MP: 1/1
    52 | D:1      | Mangled by a gnoll

Illustrated notes

Levels and vault maps discovered:
D:1:      scummos_arrival_gate, layout_basic

Action                   || total
-------------------------++-------
Melee: Long sword        ||    12
Armor: Scale mail        ||     6
Dodge: Dodged            ||    12
Block: Kite shield       ||    12
       Rpst.: Long sword ||     1

Table legend: (Time is in decaauts)
 A = Elapsed time spent in this place.
 B = Non-inter-level travel time spent in this place.
 C = Inter-level travel time spent in this place.
 D = Time resting spent in this place.
 E = Time spent auto-exploring this place.
 F = Levels seen in this place.
 G = Mean time per level.
                   A        B        C        D        E       F      G
               +--------+--------+--------+--------+--------+-----+--------+
         Total |     58 |     58 |      0 |      0 |     28 |   1 |   58.0 |
       Dungeon |     58 |     58 |      0 |      0 |     28 |   1 |   58.0 |
               +--------+--------+--------+--------+--------+-----+--------+

Top non-repeatable levels by time:
     D:1: 58 daAuts
